 Dungeon Crawl Stone Soup version 0.28-a0-1206-g193881aaa2 (webtiles) character file.

Game seed: 9636943821378104935

567 fragbeetle the Poker (level 7, -5/54 HPs)
             Began as a Merfolk Gladiator on Dec 20, 2021.
             Killed from afar by an orc wizard (6 damage)
             ... with a magic dart
             ... on level 4 of the Dungeon.
             The game lasted 00:11:26 (4657 turns).

fragbeetle the Poker (Merfolk Gladiator)            Turns: 4657, Time: 00:11:29

Health: -5/54      AC:  7    Str: 17    XL:     7   Next: 33%
Magic:  0/7        EV: 13    Int:  7    God:
Gold:   72         SH:  0    Dex: 15    Spells: 4/6 levels left

rFire   . . .      SeeInvis .   a - +0 trident
rCold   . . .      Faith    .   (no shield)
rNeg    . . .      Spirit   .   t - +0 ring mail
rPois   .          Reflect  .   c - +0 helmet
rElec   .          Harm     .   (no cloak)
rCorr   .          Rampage  .   (no gloves)
Will    .....                   j - +0 pair of boots
Stlth   +.........              (no amulet)
HPRegen 0.18/turn               f - ring of flight
MPRegen 0.10/turn               (no ring)

@: mighty, flying
A: (nimble swimmer 2), mertail
a: no special abilities


You were on level 4 of the Dungeon.
You visited 1 branch of the dungeon, and saw 4 of its levels.

You collected 72 gold pieces.

Inventory:

Hand Weapons
 a - a +0 trident (weapon)
Missiles
 d - a throwing net
 e - 100 stones (quivered)
 v - 2 atropa-tipped darts
Armour
 b - a +0 leather armour
 c - a +0 helmet (worn)
 j - a +0 pair of boots (worn)
 t - a +0 ring mail (worn)
Jewellery
 f - a ring of flight (left hand)
Wands
 k - a wand of paralysis (7)
Scrolls
 g - 2 scrolls of fear {unknown}
 h - a scroll of blinking {unknown}
 i - 3 scrolls of identify {unknown}
 m - a scroll of magic mapping {unknown}
 n - a scroll of fog {unknown}
 q - 2 scrolls of vulnerability {unknown}
 r - a scroll of immolation {unknown}
 s - a scroll of enchant armour {unknown}
 w - a scroll of teleportation {unknown}
 x - a scroll of noise {unknown}
 y - a scroll of torment {unknown}
Potions
 o - a potion of curing {unknown}
 p - a potion of flight {unknown}
 u - a potion of brilliance {unknown}


   Skills:
 + Level 4.0 Fighting
 * Level 7.6 Polearms
 + Level 3.4 Throwing
 + Level 1.3 Armour
 + Level 5.5 Dodging
 + Level 3.1 Transmutations


You had 4 spell levels left.
You knew the following spells:

 Your Spells              Type           Power      Damage    Failure   Level
a - Wereblood             Tmut           4%         N/A       36%         2

Your spell library contained the following spells:

 Spells                   Type           Power      Damage    Failure   Level
 Sublimation of Blood     Necr           0%         N/A       78%         2
 Summon Hydra             Summ           0%         N/A       100%        7


Dungeon Overview and Level Annotations

Branches:
Dungeon (4/15)
 Temple: D:4-7

Altars:


Innate Abilities, Weirdness & Mutations

((You are quick and stealthy near water. (Stealth+, EV+, Speed+++)))
Your lower body shifts to a powerful aquatic tail in water.


Message History

Deactivating autopickup; reactivate with Ctrl-A.
The orc barely misses you.
You closely miss something. Something hits you but does no damage.
The orc barely misses you.
You hit something but do no damage. You barely miss something.
Something hits you but does no damage. The orc barely misses you.
You miss something. The orc closely misses you.
Something hits you but does no damage.
You closely miss something. The orc closely misses you.
You hear some strange, mumbled words.
You are confused.
You puncture something! The orc barely misses you. Something barely misses you.
You closely miss something. Something hits you but does no damage.
The orc hits you from afar with a +2 antimagic trident.
You bump into the rock wall.
The orc hits you from afar with a +2 antimagic trident.
You feel your power leaking away. Something hits you.
You miss something. Something hits you. The orc closely misses you.
You completely miss something. Something hits you.
The orc hits you from afar with a +2 antimagic trident.
You feel your power leaking away.
You bump into the rock wall.
You feel less confused. Something hits you but does no damage.
The orc closely misses you.
You barely miss something.
The orc hits you from afar with a +2 antimagic trident!
* * * LOW HITPOINT WARNING * * *
You feel your power leaking away. Something hits you.
* * * LOW HITPOINT WARNING * * *
It was a potion of might.
You feel very mighty all of a sudden.
The orc hits you from afar with a +2 antimagic trident.
* * * LOW HITPOINT WARNING * * *
You hear some strange, mumbled words.
A magic dart appears from out of thin air!
The magic dart hits you.
You die...

##. #.. .. #.## ###### ###
#..## .....#######.#
#...##
......)......#######...##
................@{oo....#
#####.############o......#
#..# ######..# #..# #.#
#..# ..# #### .# # o ###
o# ..##


You could see 3 orcs.

Vanquished Creatures
  A necrophage (D:4)
  4 scorpions (D:4)
  A hound (D:3)
  An orc wizard (D:4)
  Robin (D:3)
  4 gnolls
  6 adders
  3 worms
  2 dart slugs
  4 orcs
  4 ball pythons
  8 bats
  5 endoplasms
  3 giant cockroaches
  12 goblins
  5 hobgoblins
  3 jackals (D:1)
  7 kobolds
  2 quokkas
  3 rats (D:2)
79 creatures vanquished.

Vanquished Creatures (others)
  4 fungi (D:4)
4 creatures vanquished.

Grand Total: 83 creatures vanquished

Notes
Turn   | Place    | Note
-------+----------+-------------------------------------------
     0 | D:1      | fragbeetle the Merfolk Gladiator began the quest for the
                  | Orb.
     0 | D:1      | Reached XP level 1. HP: 16/16 MP: 1/1
    81 | D:1      | Found a faded altar of an unknown god.
   219 | D:1      | Reached XP level 2. HP: 23/23 MP: 2/2
   538 | D:1      | Reached skill level 5 in Polearms
   951 | D:2      | Reached XP level 3. HP: 24/28 MP: 3/3
   955 | D:2      | Learned a level 2 spell: Wereblood
  1557 | D:2      | Reached skill level 1 in Transmutations
  1557 | D:2      | Reached XP level 4. HP: 34/34 MP: 4/4
  2353 | D:3      | Noticed Robin
  2411 | D:3      | Reached XP level 5. HP: 32/41 MP: 5/5
  2534 | D:3      | Reached skill level 6 in Polearms
  2725 | D:3      | Killed Robin
  3481 | D:4      | Noticed a necrophage
  3497 | D:4      | Killed a necrophage
  3498 | D:4      | Reached skill level 5 in Dodging
  3498 | D:4      | Reached XP level 6. HP: 42/47 MP: 6/6
  3563 | D:4      | Reached skill level 7 in Polearms
  3563 | D:4      | Reached skill level 1 in Armour
  3778 | D:4      | Reached XP level 7. HP: 19/53 MP: 7/7
  3787 | D:4      | HP: 2/53 [poisoned by a scorpion]
  4657 | D:4      | HP: 1/54 [orc (6)]
  4657 | D:4      | Killed from afar by an orc wizard

Illustrated notes

Levels and vault maps discovered:
D:1:      dpeg_arrival_signposts, layout_rooms,
          hellmonk_ecumenical_altar_dog_temple
D:2:      layout_loops_ring
D:3:      layout_basic, uniq_robin
D:4:      old_forge, layout_cave_pods, minmay_misc_feat_tower,
          kennysheep_big_empty_room, uniq_ijyb

Skill      XL: |  1  2  3  4  5  6  7 |
---------------+----------------------+-----
Polearms       | 5 6 7 |  7.6
Transmutations | 1 2 3 |  3.1
Fighting       | 3 4 |  4.0
Throwing       | 3 |  3.4
Dodging        | 5 |  5.5
Armour         | 1 |  1.3

Action                   |  1- 3 |  4- 6 |  7- 9 || total
-------------------------+-------+-------+-------++-------
Melee: Trident           |   110 |   178 |    72 ||   360
Throw: Stone             |     4 |    10 |       ||    14
       Throwing net      |     2 |       |       ||     2
  Use: Potion            |       |       |     1 ||     1
 Stab: Sleeping          |       |     2 |       ||     2
Armor: Leather armour    |    27 |    23 |       ||    50
       Ring mail         |       |    13 |    18 ||    31
Dodge: Dodged            |    56 |   107 |    37 ||   200

Table legend: (Time is in decaauts)
 A = Elapsed time spent in this place.
 B = Non-inter-level travel time spent in this place.
 C = Inter-level travel time spent in this place.
 D = Time resting spent in this place.
 E = Time spent auto-exploring this place.
 F = Levels seen in this place.
 G = Mean time per level.
                   A        B        C        D        E       F      G
               +--------+--------+--------+--------+--------+-----+--------+
         Total |   4657 |   4468 |    189 |   1461 |   1792 |   4 | 1164.2 |
       Dungeon |   4657 |   4468 |    189 |   1461 |   1792 |   4 | 1164.2 |
               +--------+--------+--------+--------+--------+-----+--------+

Top non-repeatable levels by time:
     D:2: 1534 daAuts
     D:4: 1168 daAuts
     D:3: 1015 daAuts
     D:1: 939 daAuts
